Unix NetHack Version 3.7.0-86 Work-in-progress - last build May 30 2023 01:50:43 (cc98dc9aa62a9957b082a042edf5bd7ec9f632c7,branch:master). Game began 2023-06-01 12:50:08, ended 2023-06-30 19:32:41. Merlek, lawful female human Valkyrie --------- |.......| ----- |.......| ----- ...| |.!._...| |... ---------..-- --------- |.......| --..--------- |.......|...-- --..%....-- | |.......| | -.. --...|.aa@.a.| |.......|.%%.---.%.%.....- |. ----.---- .| -... ... ---....|.......| |..._%%...%$.%%%%%........||......%%.....| ..........%VA%..A-H.a@@..| |.......|.%%%---..%......-----....%....--- ....... ---...4|@a..a..|4 |.......|...-- --.... ..-- -----%----- ..%.. .-- --...|.a.....|4 ---------..-- ----.--- .% --|---- --..--------- 5 ....| -...------- .%.. -- %. |... ------ ....%......| .. .. .. ----- .........%- % . -....... ..........-- !.. -.)..... ..........----|----....... ........))...%%........ ------------------- Merlek the Warrior St:25 Dx:16 Co:18 In:10 Wi:14 Ch:12 Lawful Astral Plane $:0 HP:150(150) Pw:11(11) AC:-36 Xp:16/372049 T:57004 Latest messages: The high priest of Tyr drinks a potion of full healing! The high priest of Tyr looks completely healed. What do you want to zap? [cnAJLU or ?*] In what direction? The Angel of Loki vanishes! The soldier ant misses the soldier ant. The soldier ant misses the soldier ant. The giant ant misses the soldier ant. The giant ant turns to flee. The soldier ant misses the soldier ant. The soldier ant misses the soldier ant. The soldier ant turns to flee. The giant ant bites the soldier ant. The soldier ant misses the soldier ant. The soldier ant misses the soldier ant. The soldier ant turns to flee. The giant ant turns to flee. The soldier ant bites the giant ant. The soldier ant misses the giant ant. The soldier ant bites the giant ant. The giant ant is killed! The soldier ant misses the giant ant. The soldier ant misses the giant ant. The soldier ant turns to flee. The priestess of Loki swings her mace at the giant ant. The priestess of Loki hits the giant ant. The giant ant is killed! The soldier ant bites the soldier ant. The soldier ant misses the soldier ant. The soldier ant misses the giant ant. The soldier ant stings the giant ant. The soldier ant misses the giant ant. The soldier ant misses the giant ant. The soldier ant turns to flee. The soldier ant misses the priestess of Loki. The soldier ant misses the priestess of Loki. # #off: unknown extended command. There is a high altar to Tyr (lawful) here. # What do you want to sacrifice? [gw or ?*] You offer the Amulet of Yendor to Tyr... An invisible choir sings, and you are bathed in radiance... The voice of Tyr booms out: "Mortal, thou hast done well!" "In return for thy service, I grant thee the gift of Immortality!" You ascend to the status of Demigoddess... Do you want your possessions identified? [ynq] (n) Do you want to see your attributes? [ynq] (n) Do you want an account of creatures vanquished? [ynaq] (n) Do you want to see your conduct and achievements? [ynq] (n) Inventory: Amulets y - an uncursed greased amulet of flying N - an uncursed amulet of life saving (being worn) g - an uncursed cheap plastic imitation of the Amulet of Yendor Weapons T - 5 uncursed +0 daggers (at the ready) a - the uncursed rustproof +5 Mjollnir (weapon in hand) Armor f - an uncursed burnt +7 elven leather helm (being worn) s - a blessed thoroughly rusty +5 pair of gauntlets of power (being worn) t - a blessed fireproof +3 pair of speed boots (being worn) M - a blessed +5 shield of reflection (being worn) G - an uncursed thoroughly burnt very rotted +4 oilskin cloak (being worn) C - an uncursed +4 gray dragon scale mail (being worn) Comestibles P - 2 uncursed cloves of garlic u - an uncursed K-ration Scrolls e - a cursed scroll of create monster Rings Y - an uncursed +1 ring of adornment d - an uncursed ring of conflict (on right hand) o - an uncursed ring of free action (on left hand) F - a blessed +1 ring of increase damage Wands c - an uncursed wand of cold (0:3) L - an uncursed wand of digging (0:1) U - an uncursed wand of sleep (0:0) J - an uncursed wand of teleportation (0:0) n - a cursed wand of teleportation (0:1) A - an uncursed wand of undead turning (0:5) Tools I - a blessed bag of holding containing 69 items W - an empty uncursed oilskin sack v - a cursed bugle named max luck z - the cursed Bell of Opening (0:2) Z - the cursed Candelabrum of Invocation (7 of 7 candles attached) l - a blessed oil lamp named gen Lh; B - the blessed Orb of Fate (0:4) x - an uncursed thoroughly rusty +0 pick-axe (alternate weapon; not wielded) k - an uncursed skeleton key named cold fire sleep shock poison X - an uncursed towel named prot 5 h - a blessed +0 unicorn horn Gems/Stones j - an uncursed luckstone Contents of the bag of holding: an uncursed amulet of guarding an uncursed amulet of life saving an uncursed amulet of magical breathing named need -invis a cursed amulet of strangulation an uncursed amulet of unchanging an uncursed +0 silver dagger an uncursed +0 pair of levitation boots an uncursed +0 pair of water walking boots an uncursed +0 T-shirt with text "Anhur State University - Home of the Fighting Fire Ants!" an uncursed partly eaten food ration an uncursed fortune cookie an uncursed K-ration 3 uncursed lembas wafers 6 uncursed lumps of royal jelly an uncursed centipede egg an uncursed lizard corpse 3 uncursed scrolls of blank paper 4 cursed scrolls of blank paper 3 blessed scrolls of charging a blessed scroll of earth 2 uncursed scrolls of earth a blessed scroll of enchant armor an uncursed scroll of enchant weapon a cursed scroll of genocide a blessed scroll of identify a blessed scroll of light an uncursed scroll of light a blessed scroll of magic mapping a cursed scroll of punishment a blessed scroll of teleportation 5 uncursed scrolls of teleportation 3 cursed scrolls of teleportation a blessed scroll of teleportation 2 uncursed potions of acid 3 potions of holy water an uncursed potion of water 2 uncursed potions of booze 2 uncursed potions of extra healing a blessed potion of full healing an uncursed potion of full healing a cursed potion of full healing an uncursed potion of gain ability a blessed diluted potion of object detection 2 uncursed potions of paralysis an uncursed ring of sustain ability a cursed ring of teleportation an uncursed ring of cold resistance an uncursed ring of free action an uncursed +2 ring of increase accuracy an uncursed ring of levitation an uncursed ring of levitation an uncursed ring of teleport control an uncursed wand of slow monster (0:7) an uncursed wand of cold (0:4) an uncursed wand of cold (0:5) an uncursed wand of create monster (1:8) an uncursed wand of digging (0:8) an uncursed wand of digging (0:6) an uncursed wand of digging (0:6) an uncursed wand of enlightenment (0:11) an uncursed wand of fire (0:3) a blessed greased wand of polymorph (0:2) an uncursed wand of speed monster (0:4) an uncursed wand of striking (0:2) an uncursed wand of teleportation (1:4) an uncursed wand of teleportation (0:7) an uncursed wand of undead turning (0:6) an uncursed wand of undead turning (1:6) an uncursed magic harp (0:7) Merlek the Valkyrie's attributes: Background: You were a Warrior, a level 16 human Valkyrie. You were lawful, on a mission for Tyr who was opposed by Odin (neutral) and Loki (chaotic). You were in the endgame, on the Astral Plane. You entered the dungeon 57004 turns ago. You had 372049 experience points, 267951 more were needed to attain level 17. Basics: You had all 150 hit points. You had all 11 energy points (spell power). Your armor class was -36. Your wallet was empty. Autopickup was on for '$=?"/!%' plus thrown, with exceptions. Final Characteristics: Your strength was 25 (base:18/14, innate limit:18/100). Your dexterity was 16 (peak:17, limit:18). Your constitution was 18 (limit:18). Your intelligence was 10 (limit:18). Your wisdom was 14 (limit:18). Your charisma was 12 (limit:18). Final Status: You were not hungry. You were unencumbered. You were wielding a hammer. You were skilled in hammer and could have enhanced that. Final Attributes: You were piously aligned. You were magic-protected. You were fire resistant. You were cold resistant. You were sleep resistant. You were disintegration resistant. You were shock resistant. You were poison resistant. You were telepathic. You were warned. You were stealthy. You caused conflict. You had a moderate defense bonus (+6). You were guarded. You took half physical damage. You took half spell damage. You were very fast. You had reflection. You had free action. Your life would have been saved. You were extremely lucky. You had extra luck. Good luck did not time out for you. You survived. Miscellaneous: You never encountered a bones level. Total elapsed playing time was 15 hours, 58 minutes and 28 seconds. Major events: Turn 1: Merlek the lawful human Valkyrie entered the dungeon 462: entered the Gnomish Mines 553: attained the rank of Skirmisher (level 3) 2294: attained the rank of Fighter (level 6) 6033: entered Sokoban 7398: entered the Bigroom 9604: completed 1st Sokoban level 11394: found Demonbane in a shop 12322: attained the rank of Woman-at-arms (level 10) 17017: was bestowed with Mjollnir by Tyr 22943: was bestowed with Dragonbane by Tyr 23575: acquired the Mines' End luckstone 25208: made her first wish - "blessed greased fixed +2 gray dragon scale mail", got "a greased gray dragon scale mail" 28612: attained the rank of Warrior (level 14) 32856: found the Orb of Fate on the floor 33027: killed Lord Surtur 33028: acquired the Bell of Opening 34391: killed Medusa 34984: wished for "blessed greased bag of holding", got "a greased bag" 34987: wished for "blessed greased fixed +2 speed boots", got "a greased pair of mud boots" 35000: wished for "blessed greased fixed +2 shield of reflection", got "a greased polished silver shield" 35372: entered Gehennom 35965: bribed Asmodeus with 39 zorkmids for safe passage 36253: killed Juiblex 37112: killed Baalzebub 38076: wished for "marker", got "a magic marker" 41575: killed Yeenoghu 42220: killed Orcus 42654: destroyed Vlad the Impaler 42661: acquired the Candelabrum of Invocation 44369: found Grimtooth on the floor 44390: wished for "blessed greased fixed amulet of flying", got "a greased concave amulet" 45419: performed her first genocide (class L) 45424: genocided class h 45425: genocided class ; 47035: completed 2nd Sokoban level 47374: completed 3rd Sokoban level 48251: completed 4th Sokoban level 52799: wished for "blessed greased fixed wand of polymorph", got "a greased ebony wand" 53952: killed the invisible Wizard of Yendor 53953: acquired the Book of the Dead 54149: performed the invocation 54215: killed the Wizard of Yendor (2nd time) 54342: killed the Wizard of Yendor (3rd time) 54884: killed the high priestess of Moloch 54887: acquired The Amulet of Yendor 56227: killed the Wizard of Yendor (5th time) 56583: entered the Elemental Planes 56583: entered Plane of Earth 56688: entered Plane of Air 56779: entered Plane of Fire 56821: entered Plane of Water 56881: entered the Astral Plane 56892: killed Famine 56910: killed Famine (2nd time) 56923: killed Famine (3rd time) 56927: found Fire Brand carried by a monster 56949: killed the invisible Pestilence 56968: killed the invisible Pestilence (2nd time) 57000: killed Death 57004: ascended Vanquished creatures: Baalzebub Orcus Yeenoghu Juiblex the Wizard of Yendor (6 times) Death Pestilence (twice) Famine (thrice) Vlad the Impaler a high cleric 4 mastodons Medusa 8 krakens 2 iron golems 5 master liches 10 storm giants 5 glass golems 6 balrogs 10 purple worms 6 silver dragons 6 red dragons 3 white dragons 4 orange dragons 5 black dragons 3 blue dragons 8 green dragons 4 yellow dragons 30 minotaurs 5 jabberwocks Lord Surtur 6 baluchitheria 11 demiliches 8 stone golems 2 master mind flayers 7 Olog-hai 4 Nazgul 9 pit fiends 2 sandestins a hell hound 7 displacer beasts 11 titanotheres a trapper 2 guardian nagas 13 genetic engineers 13 disenchanters 32 vampire leaders 4 skeletons 13 aligned clerics 7 captains 6 shades 4 liches 7 clay golems 12 nurses 4 ice devils 8 nalfeshnees 11 lurkers above 2 Aleaxes 4 frost giants 6 ettins 12 black puddings 38 vampires 3 lieutenants 36 ghosts a knight 13 queen bees 3 winged gargoyles 2 mind flayers 8 giant mimics 10 long worms 11 zruties 26 fire giants 12 ogre tyrants 6 ice trolls 20 rock trolls 10 umber hulks 7 flesh golems 6 elven monarchs 2 doppelgangers 11 hezrous 15 bone devils 11 large mimics 4 wumpuses 6 fire vortices 4 couatls 19 stalkers 16 air elementals 10 fire elementals 7 earth elementals 15 water elementals 12 hill giants 5 giant mummies 7 xorns 27 giant zombies 15 elf-nobles 14 sergeants 6 barbed devils 14 vrocks 4 salamanders 31 wargs 4 winter wolves 6 hell hound pups 18 small mimics 8 glass piercers 12 warhorses 8 steam vortices 13 xans 8 ettin mummies 13 ogre leaders 14 quantum mechanics 16 trolls a sasquatch 4 wood golems 3 erinyes 8 mariliths 4 sharks 6 electric eels 6 gelatinous cubes 3 pyrolisks 7 large dogs 4 freezing spheres 6 flaming spheres 14 shocking spheres 5 large cats 12 tigers 12 gargoyles 7 ochre jellies 16 leocrottas 9 energy vortices 4 mountain centaurs 6 stone giants 3 elf mummies 3 human mummies 8 red nagas 3 green slimes 5 pythons 13 pit vipers 7 cobras 49 wraiths 5 carnivorous apes 24 ettin zombies 3 leather golems 25 Grey-elves 46 soldiers 8 amorous demons 12 horned devils 11 chameleons 8 crocodiles 33 giant beetles 2 quivering blobs 29 cockatrices 5 wolves a winter wolf cub 4 lynxes 6 panthers 7 gremlins 12 leprechauns 9 orc-captains 5 iron piercers 3 mumakil 10 giant spiders 8 scorpions 7 horses an ice vortex 9 black lights 18 vampire bats 8 forest centaurs 3 gnome rulers 5 orc mummies 9 dwarf mummies 10 ogres 16 brown puddings 9 rust monsters 15 owlbears 9 yetis 7 gold golems 3 werewolves 18 Green-elves 2 piranha 14 giant eels 13 lizards 5 chickatrices 2 dingoes 3 dogs 5 housecats 5 jaguars 4 dwarf leaders 3 blue jellies 6 gray unicorns 3 black unicorns 7 dust vortices 8 ravens 2 plains centaurs 3 gnome mummies 6 snakes 4 water moccasins 3 apes 21 human zombies 8 rope golems 14 Woodland-elves 34 soldier ants 68 fire ants 5 bugbears 2 imps 11 quasits 6 wood nymphs 10 water nymphs 5 mountain nymphs 31 Mordor orcs 13 Uruk-hai 4 orc shamans 10 rock piercers 7 rock moles 7 ponies 5 fog clouds 12 yellow lights 2 shriekers 6 violet fungi 19 gnome leaders 9 gnomish wizards 3 kobold mummies a golden naga hatchling 3 gray oozes 5 barrow wights 13 elf zombies 15 ghouls 2 straw golems a paper golem 5 jellyfish 51 giant ants a little dog 10 floating eyes 4 kittens 15 dwarves 9 homunculi a kobold leader 3 kobold shamans 41 hill orcs 22 rothes 6 rabid rats 2 centipedes 6 giant bats 2 monkeys 26 orc zombies 22 dwarf zombies 8 wererats 3 werejackals 9 iguanas 105 killer bees an acid blob 2 coyotes a gas spore a hobbit 19 manes 2 large kobolds 2 hobgoblins 7 giant rats 12 cave spiders 5 brown molds 7 yellow molds 6 green molds 5 red molds 62 gnomes 11 garter snakes 16 gnome zombies 9 geckos 10 jackals 3 foxes 5 kobolds 6 goblins 2 sewer rats 18 grid bugs 2 bats 21 lichens 18 kobold zombies 10 newts 2675 creatures vanquished. Genocided or extinct species: arch-liches krakens master liches demiliches master mind flayers liches mind flayers erinyes (extinct) sharks electric eels dwarf rulers piranha giant eels dwarf leaders bugbears jellyfish dwarves killer bees (extinct) hobbits 17 species genocided. 2 species extinct. Voluntary challenges: You read items or engraved 103 times. You engraved Elbereth 1 time. You genocided 17 types of monsters. You used 7 wishes (1 for an artifact). You violated the special Sokoban rules twice. Achievements: You entered the Gnomish Mines. You attained the rank of Skirmisher. You entered a shop. You attained the rank of Fighter. You entered a temple. You entered Sokoban. You entered the Big Room. You attained the rank of Woman-at-arms. You completed the Gnomish Mines. You attained the rank of Warrior. You had the Bell of Opening. You defeated Medusa. You entered Gehennom. You had the Candelabrum of Invocation. You handled the Book of the Dead. You gained access to Moloch's Sanctum. You reached the Elemental Planes. You reached the Astral Plane. You delivered the Amulet of Yendor. You ascended! The Elemental Planes: Astral Plane: <- You are here. Many temples. Plane of Water: Plane of Fire: Plane of Air: Plane of Earth: The Dungeons of Doom: levels 1 to 29 Level 1: One way stairs up to The Elemental Planes. Level 2: "vault + armorshop" An armor shop. Stairs down to The Gnomish Mines. Level 3: "shop non-id gloves + lamp" A general store, a sink. Level 4: A bookstore. Level 5: "vault wrapping" An altar to Tyr. Level 6: Many fountains. Oracle of Delphi. Level 7: "demonbane 10k in shop :( oilskin cloak 80" A weapon shop, a fountain. Stairs up to Sokoban, level 6. Level 8: "vault" Some fountains, a sink. Level 9: Level 10: An armor shop. Level 11: "minotaur below near stairs" A fountain. Level 12: A very big room. Portal to The Quest. Level 13: Many graves. Level 14: Level 15: A fountain, a grave. Level 16: A primitive area. Level 17: A fountain. Level 18: Some fountains. Level 19: A fountain. Level 20: A fountain. Level 21: "some potions" A fountain. Level 22: A grave. Level 23: Level 24: A temple, a fountain. Level 25: A fountain. Level 26: Level 27: A fountain, a grave. Level 28: Level 29: A fountain. The castle. Connection to Gehennom. Gehennom: levels 30 to 51 Level 30: A temple, many graves. Valley of the Dead. Level 31: Level 32: Level 33: Some fountains. Level 34: Level 35: Level 36: Level 37: Level 38: "FLAYER + FORKED / = DEATH" Stairs up to Vlad's Tower, level 37. Level 39: "ORCUS" Some shops, an altar. Level 40: Level 41: Level 42: Level 43: Level 44: Level 45: Level 46: "spare boh" Level 47: "TOWER" Level 48: Level 49: Level 50: Level 51: A temple, many graves. Moloch's Sanctum. The Gnomish Mines: levels 3 to 10 Level 3: Level 4: Level 5: "cursed water temple" Many shops, a temple to Tyr, some fountains. Level 6: Level 7: Level 8: Level 9: Level 10: The Quest: levels 1 to 5 Level 1: "flayer!" A fountain. Completed quest for the Norn. Level 2: Level 3: Level 4: Level 5: Sokoban: levels 6 up to 3 Level 3: Solved. Level 4: Solved. Level 5: Solved. Level 6: Solved. Vlad's Tower: levels 37 up to 35 Level 35: Level 36: Level 37: Farvel Merlek the Demigoddess... You went to your reward with 3395784 points, Mjollnir (worth 4000 zorkmids and 10000 points) The Bell of Opening (worth 5000 zorkmids and 12500 points) The Orb of Fate (worth 3500 zorkmids and 8750 points) The Candelabrum of Invocation (worth 5000 zorkmids and 12500 points) 2 amulets of life saving (worth 300 zorkmids), 1 amulet of strangulation (worth 150 zorkmids), 1 amulet of unchanging (worth 150 zorkmids), 1 amulet of magical breathing (worth 150 zorkmids), 1 amulet of guarding (worth 150 zorkmids), 1 amulet of flying (worth 150 zorkmids), 1 cheap plastic imitation of the Amulet of Yendor (worth 0 zorkmids), and 0 pieces of gold, after 57004 moves. You were level 16 with a maximum of 150 hit points when you ascended.